 Dungeon Sprint DCSS version 0.22.1-1-ga44c0e56f4 (webtiles) character file.

366 MuseOD the Covert (level 6, -2/35 HPs)
             Began as a Spriggan Enchanter on Sept 26, 2018.
             Slain by a crimson imp (3 damage)
             ... summoned by a neqoxec
             ... in the Dungeon (Sprint II: "The Violet Keep of Menkaure").
             The game lasted 00:00:20 (39 turns).

MuseOD the Covert (Spriggan Enchanter)                Turns: 39, Time: 00:00:21

Health: -2/35      AC:  2    Str:  4    XL:     6   Next: 40%
Magic:  11/11      EV: 18    Int: 18    God:
Gold:   0          SH:  0    Dex: 15    Spells: 9/10 levels left

rFire    . . .     SeeInvis +   a - +1 dagger
rCold    . . .     Gourm    .   (shield restricted)
rNeg     . . .     Faith    .   b - +0 robe
rPois    .         Spirit   .   (helmet restricted)
rElec    .         Reflect  .   (no cloak)
rCorr    .         Harm     .   (gloves unavailable)
MR       +....     NoTele   +   (boots unavailable)
Stlth    +++++.....             (no amulet)
HPRegen  0.11/turn              (no ring)
MPRegen  0.12/turn              (no ring)

@: berserk cooldown, slowed, quick
A: very small, unfitting armour, see invisible, clumsy 1, herbivore, speed 3,
slow metabolism 2
a: no special abilities


You were in the Dungeon.
You were not hungry.

You visited 1 branch

Inventory:

Hand Weapons
 a - a +1 dagger (weapon)
Armour
 b - a +0 robe (worn)
Scrolls
 j - a scroll of blinking
Potions
 e - a potion of curing
 f - a potion of heal wounds
 g - a potion of haste
 h - 2 potions of magic
Comestibles
 d - a ration


   Skills:
 + Level 5.6 Fighting
 * Level 10.6 Short Blades
 - Level 3.0 Dodging
 + Level 11.4 Stealth
 - Level 2.6 Spellcasting
 - Level 3.6 Hexes


You had 9 spell levels left.
You knew the following spells:

 Your Spells              Type           Power        Failure   Level  Hunger
a - Corona                Hex            ###....      3%          1    #......

Your spell library contained the following spells:

 Spells                   Type           Power        Failure   Level  Hunger
 Ensorcelled Hibernation  Hex/Ice        #.....       12%         2    ##.....
 Confuse                  Hex            ###.....     12%         3    ###....
 Tukima's Dance           Hex            ###.....     12%         3    ###....
 Dazzling Spray           Conj/Hex       #.....       24%         3    ###....


Dungeon Overview and Level Annotations

Branches:
Dungeon (1/1)

Altars:


Innate Abilities, Weirdness & Mutations

You are very small and have problems with some larger weapons.
You are too small for most types of armour.
You have supernaturally acute eyesight. (SInv)
You are a herbivore.
You cover ground extremely quickly.
You need to consume almost no food.
You are clumsy. (Dex -2)


Message History

There is an open door here.
You hit the neqoxec.
The neqoxec is lightly wounded.
The crimson imp closely misses you. The neqoxec completely misses you.
The iron imp closely misses you.
You closely miss the neqoxec.
The neqoxec is lightly wounded.
The neqoxec gestures at you.
Something tries to feed on your intellect!
The crimson imp hits you.
The crimson imp blinks!
You hit the neqoxec but do no damage.
The neqoxec is lightly wounded.
The iron imp hits you!
* * * LOW HITPOINT WARNING * * *
You hit the neqoxec but do no damage.
The neqoxec is lightly wounded.
The crimson imp hits you.
* * * LOW HITPOINT WARNING * * *
The crimson imp hits you.
You die...

### ##
#..##.#
#535# #
#@# .##
##5##...#
+.<.+$#
##.##.m.#
#+# .## #


You could see a neqoxec, an iron imp and 2 crimson imps.

Vanquished Creatures
  3 neqoxecs (D)
3 creatures vanquished.

Notes
Turn   | Place    | Note
-------+----------+-------------------------------------------
     0 | D        | MuseOD the Spriggan Enchanter began the quest for the Orb.
     0 | D        | Reached XP level 1. HP: 9/9 MP: 5/5
     1 | D        | Noticed a merfolk siren
     4 | D        | Noticed a neqoxec
     4 | D        | Noticed a neqoxec
     4 | D        | Noticed a neqoxec
     4 | D        | Noticed a neqoxec
     5 | D        | Noticed a quasit
     8 | D        | Gained mutation: You are clumsy. (Dex -2) [a neqoxec]
    10 | D        | Killed a neqoxec
    10 | D        | Reached skill level 8 in Stealth
    10 | D        | Reached XP level 2. HP: 17/17 MP: 6/6
    10 | D        | Reached XP level 3. HP: 21/21 MP: 8/8
    10 | D        | Reached XP level 4. HP: 25/25 MP: 9/9
    18 | D        | Killed a neqoxec
    18 | D        | Reached skill level 10 in Stealth
    18 | D        | Reached XP level 5. HP: 30/30 MP: 10/10
    30 | D        | Killed a neqoxec
    30 | D        | Reached skill level 5 in Fighting
    30 | D        | Reached skill level 10 in Short Blades
    30 | D        | Reached skill level 11 in Stealth
    30 | D        | Reached XP level 6. HP: 24/35 MP: 11/11
    39 | D        | HP: 1/35 [crimson imp[a neqoxec] (2)]
    39 | D        | Slain by a crimson imp

Skill      XL: |  1  2  3  4  5 |
---------------+----------------+-----
Fighting       | 3 4 5 |  5.6
Short Blades   | 7 9 10 | 10.6
Stealth        | 8 10 11 | 11.4
Dodging        | |  3.0
Spellcasting   | |  2.6
Hexes          | |  3.6

Action                   |  1- 3 |  4- 6 || total
-------------------------+-------+-------++-------
Melee: Dagger            |     5 |    28 ||    33
  Use: Potion            |     1 |       ||     1
Armor: Robe              |       |     1 ||     1
Dodge: Dodged            |     2 |     8 ||    10
